 Dungeon Crawl Stone Soup version 0.27-a0-58-g0ec5f8ab93 (webtiles) character file.

Game seed: 14681401641442677065

13 Forecaster the Magician (level 2, -1/22 HPs)
             Began as a Naga Hedge Wizard on Jan 8, 2021.
             Slain by a hobgoblin (3 damage)
             ... on level 1 of the Dungeon.
             The game lasted 00:02:21 (748 turns).

Forecaster the Magician (Naga Hedge Wizard)          Turns: 748, Time: 00:02:21

Health: -1/22      AC:  1    Str: 12    XL:     2   Next: 37%
Magic:  1/6        EV: 10    Int: 14    God:
Gold:   45         SH:  0    Dex: 10    Spells: 3/8 levels left

rFire    . . .     SeeInvis +   a - +0 dagger
rCold    . . .     Faith    .   (no shield)
rNeg     . . .     Spirit   .   b - +0 robe
rPois    +         Reflect  .   c - +0 hat
rElec    .         Harm     .   (no cloak)
rCorr    .         Rampage  .   (no gloves)
Will     .....                  (no barding)
Stlth    ++........             g - amulet of magic regeneration
HPRegen  0.07/turn              (no ring)
MPRegen  0.35/turn              (no ring)

@: very slightly contaminated, very slow
A: large, see invisible, deformed body, poison resistance, slowness 2, spit
poison 1, AC +0
a: Spit Poison


You were on level 1 of the Dungeon.
You visited 1 branch of the dungeon, and saw 1 of its levels.

You collected 45 gold pieces.

Inventory:

Hand Weapons
 a - a +0 dagger (weapon)
Missiles
 h - 11 poisoned darts
Armour
 b - a +0 robe (worn)
 c - a +0 hat (worn)
 d - a +0 leather armour
 e - a +0 robe
Jewellery
 g - an amulet of magic regeneration (around neck)
Scrolls
 f - a scroll of remove curse {unknown}
 j - 2 scrolls of amnesia {unknown}
 k - a scroll of noise {unknown}
 l - a scroll of enchant armour {unknown}
 m - 2 scrolls of identify {unknown}
 p - a scroll of magic mapping {unknown}
Potions
 i - a potion of curing {unknown}
 n - a potion of invisibility {unknown}
 o - a potion of brilliance {unknown}


   Skills:
 + Level 1.5 Dodging
 + Level 3.0 Stealth
 + Level 3.5 Spellcasting
 + Level 1.1 Conjurations
 + Level 1.0 Summonings
 + Level 1.0 Translocations


You had 3 spell levels left.
You knew the following spells:

 Your Spells              Type           Power        Failure   Level
a - Magic Dart            Conj           20%          13%         1
b - Call Imp              Summ           5%           21%         2
c - Blink                 Tloc           N/A          21%         2

Your spell library contained the following spells:

 Spells                   Type           Power        Failure   Level
 Slow                     Hex            2%           30%         2
 Conjure Flame            Conj/Fire      4%           43%         3
 Mephitic Cloud           Conj/Pois/Air  3%           45%         3


Dungeon Overview and Level Annotations

Branches:
Dungeon (1/15)

Altars:


Innate Abilities, Weirdness & Mutations

You cannot wear boots.
Your serpentine skin is tough. (AC +0)
You have supernaturally acute eyesight. (SInv)
Armour fits poorly on your strangely shaped body.
Your system is resistant to poisons. (rPois)
You cover ground very slowly.
You can spit poison.


Message History

You miscast Call Imp.
You are very lightly contaminated with residual magic.
Nothing appears to happen.
The hobgoblin hits you.
Your crimson imp barely misses the goblin.
Your crimson imp closely misses the hobgoblin.
The goblin hits your crimson imp but does no damage.
The hobgoblin closely misses you.
Casting: Call Imp (safe; 21% risk of failure)
Confirm with . or Enter, or press ? or * to list all spells.
A shadowy apparition takes form in the air.
The hobgoblin hits you.
* * * LOW HITPOINT WARNING * * *
Your crimson imp closely misses the goblin.
Your crimson imp blinks!
The goblin hits your crimson imp but does no damage.
Your crimson imp closely misses the goblin.
Your crimson imp hits the hobgoblin.
The goblin closely misses your crimson imp.
The hobgoblin hits you.
You die...

############### ###########
>......... ... ...........
#....>.# #.# ###....###
#.....5###.## #....#
.#......g.5..######....###
...?.(g5.g@..........).....
..#.####......###.##....###
# ####......##.....####
#.........##.....#
#.........##.(...#
#........###.....# #
######...# #.....## #
#.######...###......## ##
#....................# #.


You could see 2 hobgoblins, a goblin, 2 friendly crimson imps and a friendly
shadow imp (summoned).

Vanquished Creatures
  A hobgoblin (D:1)
  3 jackals (D:1)
  3 frilled lizards (D:1)
  2 goblins (D:1)
  2 kobolds (D:1)
  2 rats (D:1)
13 creatures vanquished.

Notes
Turn   | Place    | Note
-------+----------+-------------------------------------------
     0 | D:1      | Forecaster the Naga Hedge Wizard began the quest for the
                  | Orb.
     0 | D:1      | Reached XP level 1. HP: 15/15 MP: 4/4
   224 | D:1      | Reached XP level 2. HP: 6/22 MP: 0/6
   232 | D:1      | Learned a level 2 spell: Call Imp
   235 | D:1      | Learned a level 2 spell: Blink
   748 | D:1      | Slain by a hobgoblin

Illustrated notes

Levels and vault maps discovered:
D:1:      dpeg_arrival_tiny_a, layout_basic, serial_curves, eino_curves_02,
          eino_curves_03

Action                   || total
-------------------------++-------
Melee: Dagger            ||    19
 Cast: Magic Dart        ||    19
       Call Imp          ||     3
Armor: Robe              ||     2
Dodge: Dodged            ||    17

Table legend: (Time is in decaauts)
 A = Elapsed time spent in this place.
 B = Non-inter-level travel time spent in this place.
 C = Inter-level travel time spent in this place.
 D = Time resting spent in this place.
 E = Time spent auto-exploring this place.
 F = Levels seen in this place.
 G = Mean time per level.
                   A        B        C        D        E       F      G
               +--------+--------+--------+--------+--------+-----+--------+
         Total |    882 |    882 |      0 |      0 |    719 |   1 |  882.0 |
       Dungeon |    882 |    882 |      0 |      0 |    719 |   1 |  882.0 |
               +--------+--------+--------+--------+--------+-----+--------+

Top non-repeatable levels by time:
     D:1: 882 daAuts
